 Dungeon Crawl Stone Soup version 0.31-a0-803-g95b03c3367 (webtiles) character file.

Game seed: 6571527157559405998

5765 tilp the Covert (level 10, -1/75 (77) HPs)
             Began as a Vampire Enchanter on Sept 21, 2023.
             Was a Follower of Wu Jian.
             Slain by a yak (11 damage)
             ... on level 8 of the Dungeon.
             The game lasted 00:17:42 (8810 turns).

tilp the Covert (Vampire Enchanter)                 Turns: 8810, Time: 00:17:43

HP:   -1/75 (77)    AC:  9    Str:  7    XL:     10   Next: 49%
MP:   3/26          EV: 12    Int: 23    God:    Wu Jian [*.....]
Gold: 336           SH:  4    Dex: 14    Spells: 6/19 levels left

rFire   . . .        a - +5 dagger (flame)
rCold   + . .        t - +0 buckler
rNeg    . . .        l - +3 leather armour {rC+}
rPois   +            F - +1 helmet
rElec   .            H - +0 cloak
rCorr   .            (no gloves)
SInv    +            (no boots)
Will    +....        x - amulet of the acrobat
Stlth   ++++         h - ring of poison resistance
HPRegen 0.52/turn    q - ring of magical power
MPRegen 0.20/turn

%: acrobat
@: about to teleport, healing quickly, lightly drained
A: alive, fangs 3, see invisible, vampiric 2
a: Exsanguinate, Renounce Religion


You were on level 8 of the Dungeon.
You worshipped Wu Jian.
Wu Jian was aware of your devotion.
You visited 2 branches of the dungeon, and saw 9 of its levels.
You also visited: Ossuary.

You collected 336 gold pieces.

Inventory:

Hand Weapons
 a - a +5 dagger of flaming (weapon)
 b - a +3 dagger
Missiles
 f - 59 stones (quivered)
 j - 9 poisoned darts
 y - a throwing net
Armour
 l - a +3 leather armour of cold resistance (worn)
 s - a +2 robe of cold resistance
 t - a +0 buckler (worn)
 D - a +1 hat
 F - a +1 helmet (worn)
 H - a +0 cloak (worn)
Magical Staves
 e - a staff of air
 G - a staff of conjuration
Jewellery
 h - a ring of poison resistance (left hand)
 i - a +6 ring of strength
 q - a ring of magical power (right hand)
 u - a ring of positive energy
 w - a ring of ice
 x - an amulet of the acrobat (around neck)
Wands
 r - a wand of mindburst (12)
 A - a wand of acid (8)
Scrolls
 B - a scroll of fog
 C - a scroll of teleportation
Potions
 c - 2 potions of invisibility
 d - 2 potions of curing
 g - 2 potions of lignification
 k - 3 potions of mutation
 m - 2 potions of resistance
 n - 2 potions of heal wounds
 o - 4 potions of haste
 v - a potion of enlightenment
 E - 4 potions of brilliance


   Skills:
 * Level 6.3 Fighting
 - Level 10.0 Short Blades
 + Level 4.3 Dodging
 + Level 10.2 Stealth
 + Level 5.2 Spellcasting
 * Level 1.3 Conjurations
 * Level 8.6 Hexes
 + Level 1.2 Ice Magic
 + Level 2.3 Evocations


You had 6 spell levels left.
You knew the following spells:

 Your Spells              Type           Power      Damage    Failure   Level
a - Ensorcelled Hibernat  Hex/Ice        56%        N/A       4%          2
b - Confusing Touch       Hex            46%        N/A       1%          3
c - Tukima's Dance        Hex            46%        N/A       1%          3
d - Dazzling Flash        Conj/Hex       58%        N/A       9%          3
e - Jinxbite              Hex            92%        N/A       1%          2

Your spell library contained the following spells:

 Spells                   Type           Power      Damage    Failure   Level
 Freeze                   Ice            44%        1d6       14%         1
 Apportation              Tloc           12%        N/A       24%         1
 Blink                    Tloc           12%        N/A       34%         2
 Frozen Ramparts          Ice            22%        1d4       38%         3
 Hailstorm                Conj/Ice       11%        3d5       38%         3
 Brom's Barrelling Bould  Conj/Erth      9%         2d3       87%         4
 Flame Wave               Conj/Fire      9%         2d6       87%         4
 Manifold Assault         Tloc           6%         N/A       93%         4
 Agony                    Necr           6%         N/A       100%        5
 Alistair's Intoxication  Tmut/Pois      4%         N/A       100%        5
 Haunt                    Necr/Summ      3%         N/A       100%        7


Dungeon Overview and Level Annotations

Branches:
Dungeon (8/15)             Temple (1/1) D:7         Ossuary (visited)
   Lair: D:8-11

Altars:
Ashenzari
Cheibriados
Dithmenos
Fedhas
Kikubaaqudgha
Makhleb
Nemelex Xobeh
Okawaru
Qazlal
Sif Muna
Trog
Uskayaw
Vehumet
Wu Jian
Xom

Shops:
D:4 (

Annotations:
D:7 3 runed translucent doors, shbulbulush's ghost, novice MiFi


Innate Abilities, Weirdness & Mutations

Your natural rate of healing is accelerated.
You have razor-sharp teeth.
You have supernaturally acute eyesight. (SInv)
You are afflicted with vampirism and can become a bat while bloodless.


Message History

You hit the yak. You burn the yak.
The yak is almost dead.
The yak is engulfed in poison gas.
The yak looks even sicker.
The yak gores you.
* * * LOW HITPOINT WARNING * * *
The yak completely misses you.
Unknown command.
As you read the scroll of teleportation, it crumbles to dust.
You feel strangely unstable. You block the wight's attack.
The yak is engulfed in poison gas.
The yak looks as sick as possible!
The yak gores you but does no damage. You block the yak's attack.
Unknown command.
Unknown command.
You hit the yak. You burn the yak.
You kill the yak!
The Council accepts your kill.
The wight hits you from afar with a +2 spear.
* * * LOW HITPOINT WARNING * * *
Unknown command.
You barely miss the yak.
The yak is moderately wounded.
The yak is engulfed in poison gas.
The yak looks as sick as possible!
You block the yak's attack.
You hit the yak but do no damage.
The yak is severely wounded.
You block the wight's attack.
You barely miss the yak.
The yak is severely wounded.
The yak is engulfed in poison gas.
The yak looks as sick as possible!
The yak gores you!
* * * LOW HITPOINT WARNING * * *
The wight hits you from afar with a +2 spear.
* * * LOW HITPOINT WARNING * * *
You feel drained.
* * * LOW HITPOINT WARNING * * *
Unknown command.
You barely miss the yak.
The yak is almost dead.
The yak gores you!
You die...

####Y.~##.##≈....
#..~# g.#~....
#..~# g#≈.... #..~#
.#~....
##.~#####≈.##.
#z~~~≈~~≈.###
##.)..........
######Yz...........
#§@#..##......#....
#§†Yz[.§§○.........
##○☼#).§.##........
##☼☼.○§°##...#....
###§..°##...#....
#☼#.####.......
##### #.......
##...... ####...


You could see a yak (extremely poisoned) and a wight.

Vanquished Creatures
  Pikel (D:4)
  A hornet (D:7)
  Grinder (D:6)
  Prince Ribbit (D:6)
  3 yaks (D:8)
  5 humans (D:7)
  Edmund (D:6)
  Duvessa (D:6)
  3 water moccasins
  2 ice beasts
  A black bear (D:6)
  4 ogres
  2 centaurs
  2 phantoms
  Blork the orc (D:5)
  3 gnoll sergeants
  3 scorpions
  4 wights (D:7)
  Dowan (D:6)
  5 howler monkeys
  A human zombie (Ossuary)
  4 hounds
  3 centaur zombies (Ossuary)
  2 orc priests
  2 jellies (D:5)
  6 orc wizards
  A hound zombie (Ossuary)
  3 mummies (Ossuary)
  35 gnolls
  6 adders
  A shadow imp (D:6)
  A white imp (D:5)
  An ufetubus (D:6)
  3 adder zombies (Ossuary)
  2 dart slugs (D:1)
  35 orcs
  12 endoplasms
  2 giant cockroaches
  5 goblins
  5 hobgoblins
  17 jackals
  7 kobolds
  6 quokkas
  4 ball pythons
  4 bats
  A gnoll zombie (Ossuary)
  2 goblin zombies (Ossuary)
  2 hobgoblin zombies (Ossuary)
  6 jackal zombies (Ossuary)
  4 kobold zombies (Ossuary)
  2 orc zombies (Ossuary)
  3 quokka zombies (Ossuary)
  8 rats
  5 rat zombies (Ossuary)
246 creatures vanquished.

Vanquished Creatures (collateral kills)
  3 wights
3 creatures vanquished.

Vanquished Creatures (others)
  A dancing weapon (D:8)
1 creature vanquished.

Grand Total: 250 creatures vanquished

Notes
Turn   | Place    | Note
-------+----------+-------------------------------------------
     0 | D:1      | tilp the Vampire Enchanter began the quest for the Orb.
     0 | D:1      | Reached XP level 1. HP: 13/13 MP: 3/3
   108 | D:1      | Reached XP level 2. HP: 20/20 MP: 5/5
   111 | D:1      | Learned a level 2 spell: Ensorcelled Hibernation
   943 | D:2      | Reached skill level 1 in Fighting
   943 | D:2      | Gained mutation: You are afflicted with vampirism and can
                  | become a bat while bloodless. [Vampire growth]
   943 | D:2      | Reached XP level 3. HP: 25/26 MP: 1/6
   952 | D:2      | Learned a level 3 spell: Confusing Touch
  1263 | D:2      | You fall into a shaft and drop 2 floors!
  1269 | D:5      | Entered Level 5 of the Dungeon
  1494 | D:4      | Noticed a water moccasin
  1505 | D:4      | Killed a water moccasin
  1506 | D:4      | Reached skill level 5 in Stealth
  1506 | D:4      | Reached skill level 5 in Hexes
  1506 | D:4      | Reached XP level 4. HP: 24/33 MP: 4/7
  1506 | D:4      | Reached XP level 5. HP: 28/38 MP: 4/8
  3047 | D:3      | Found a faded altar of an unknown god.
  3059 | D:3      | Learned a level 3 spell: Tukima's Dance
  3210 | D:4      | Found Gatihile's Weapon Shoppe.
  3340 | D:4      | Noticed Pikel
  3345 | D:4      | Noticed a lemure
  3346 | D:4      | Noticed a lemure
  3348 | D:4      | Noticed a lemure
  3353 | D:4      | Noticed a lemure
  3362 | D:4      | Killed Pikel
  3363 | D:4      | Reached XP level 6. HP: 16/47 MP: 10/10
  3363 | D:4      | Reached XP level 7. HP: 17/52 MP: 11/11
  3810 | D:4      | Got a resplendent book
  3885 | D:4      | Reached skill level 5 in Short Blades
  3885 | D:4      | Reached XP level 8. HP: 49/60 MP: 13/13
  4312 | D:4      | Reached skill level 1 in Evocations
  4632 | D:4      | Learned a level 3 spell: Dazzling Flash
  4635 | D:4      | Learned a level 2 spell: Jinxbite
  4877 | D:5      | Noticed Blork the orc
  4882 | D:5      | Killed Blork the orc
  5248 | D:5      | HP: 1/59 [gnoll/+0 halberd[a gnoll sergeant] (13)]
  5902 | D:6      | Reached skill level 5 in Fighting
  5998 | D:6      | Reached XP level 9. HP: 54/68 MP: 10/15
  6187 | D:6      | Noticed Edmund
  6199 | D:6      | Killed Edmund
  6289 | D:6      | Found a snail-covered altar of Cheibriados.
  6363 | D:6      | Noticed Grinder
  6365 | D:6      | Paralysed by Grinder for 4 turns
  6376 | D:6      | Killed Grinder
  6495 | D:6      | Noticed Prince Ribbit
  6497 | D:6      | Noticed Dowan
  6498 | D:6      | Noticed Duvessa
  6500 | D:6      | Killed Prince Ribbit
  6505 | D:6      | Killed Duvessa
  6508 | D:6      | Killed Dowan
  6745 | D:7      | Found a runed translucent gate.
  6745 | D:7      | Found a runed translucent gate.
  6745 | D:7      | Found a runed translucent gate.
  6762 | D:7      | Noticed shbulbulush's ghost (novice MiFi)
  6806 | D:7      | Found a sand-covered staircase.
  6818 | D:7      | Reached skill level 5 in Spellcasting
  6829 | D:7      | Reached skill level 10 in Stealth
  6836 | D:7      | Reached XP level 10. HP: 66/76 MP: 9/17
  6840 | Ossuary  | Entered an ossuary
  7320 | D:7      | Reached skill level 10 in Short Blades
  7327 | D:7      | Found a staircase to the Ecumenical Temple.
  7345 | Temple   | Entered the Ecumenical Temple
  7537 | Temple   | Became a worshipper of the Wu Jian Council
  7914 | D:7      | Found an ancient bone altar of Kikubaaqudgha.
  8696 | D:8      | Reached skill level 1 in Conjurations
  8787 | D:8      | Reached skill level 1 in Ice Magic
  8800 | D:8      | Reached * piety under Wu Jian
  8810 | D:8      | Slain by a yak

Illustrated notes

Levels and vault maps discovered:
D:1:      lightli_arrival_boilingwater, layout_loops_ring,
          chequers_serial_rivers_room_b
D:2:      layout_loops_ring
D:3:      layout_basic, serial_corexii_hall, chequers_hall_statues_y,
          corexii_hall_statues_l, dreamdust_ecumenical_altar_hidden_monk_grotto,
          minmay_between
D:4:      lemuel_castle_with_subvaults [lemuel_castle_interior_carwin_3],
          layout_basic, serial_shops, nicolae_shop_behind_doors, uniq_pikel
D:5:      layout_basic, uniq_blork_the_orc
D:6:      layout_cave_pools, lemuel_round_altar, uniq_edmund,
          uniq_prince_ribbit1, uniq_grinder, uniq_duvessa
D:7:      layout_rooms, overflow_temple_1_default,
          minmay_temple_entry_glassed_door, ebering_ghost_rock_garden,
          nicolae_ossuary_entry_false_entrances, minmay_ruffians
D:8:      layout_cave_pools, enter_bailey_3, kennysheep_generic_room_8
Temple:   regret_index_temple_sphere_string

Skill      XL: |  1  2  3  4  5  6  7  8  9 10 |
---------------+-------------------------------+-----
Short Blades   | 2 4 5 6 9 10 | 10.0
Fighting       | 1 3 4 5 6 |  6.3
Stealth        | 5 6 8 10 | 10.2
Hexes          | 5 6 7 8 |  8.6
Dodging        | 3 4 |  4.3
Spellcasting   | 3 4 5 |  5.2
Evocations     | 2 |  2.3
Conjurations   | 1 |  1.3
Ice Magic      | 1 |  1.2

Action                     |  1- 3 |  4- 6 |  7- 9 | 10-12 || total
---------------------------+-------+-------+-------+-------++-------
  Melee: Dagger            |    55 |   101 |   345 |   240 ||   741
         Bite              |     6 |    11 |    38 |    40 ||    95
         Punch             |       |       |     3 |     1 ||     4
   Cast: Ensorcelled Hiber |     6 |     1 |    62 |    28 ||    97
         Confusing Touch   |       |     1 |    10 |    10 ||    21
         Jinxbite          |       |       |     7 |       ||     7
         Dazzling Flash    |       |       |     3 |     4 ||     7
         Tukima's Dance    |       |       |     2 |     8 ||    10
Ability: Lunge             |       |       |       |    10 ||    10
  Evoke: Wand              |       |       |       |     3 ||     3
    Use: Scroll            |     5 |     5 |     7 |     7 ||    24
         Potion            |       |     2 |     1 |     1 ||     4
   Stab: Sleeping          |    11 |     9 |    41 |    18 ||    79
         Invisible         |       |     1 |     4 |       ||     5
         Confused          |       |       |     9 |     5 ||    14
         Distracted        |       |       |     2 |       ||     2
 Armour: Robe              |    18 |     1 |       |       ||    19
         Leather armour    |       |    54 |   217 |   122 ||   393
  Dodge: Dodged            |    22 |    65 |   249 |   135 ||   471
  Block: Buckler           |       |       |       |    15 ||    15

Table legend: (Time is in decaauts)
 A = Elapsed time spent in this place.
 B = Non-inter-level travel time spent in this place.
 C = Inter-level travel time spent in this place.
 D = Time resting spent in this place.
 E = Time spent auto-exploring this place.
 F = Levels seen in this place.
 G = Mean time per level.
                   A        B        C        D        E       F      G
               +--------+--------+--------+--------+--------+-----+--------+
         Total |   8591 |   8239 |    352 |    801 |   5231 |  10 |  859.1 |
       Dungeon |   8048 |   7727 |    321 |    545 |   5093 |   8 | 1006.0 |
        Temple |    208 |    177 |     31 |    176 |      0 |   1 |  208.0 |
       Ossuary |    333 |    333 |      0 |     80 |    138 |   1 |  333.0 |
               +--------+--------+--------+--------+--------+-----+--------+

Top non-repeatable levels by time:
     D:4: 1758 daAuts
     D:5: 1316 daAuts
     D:7: 1199 daAuts
     D:3: 961 daAuts
     D:2: 944 daAuts
     D:6: 856 daAuts
     D:1: 792 daAuts
 Ossuary: 333 daAuts
     D:8: 220 daAuts
  Temple: 208 daAuts
